 Dungeon Crawl Stone Soup version 0.31-a0-986-g5e6e4ef867 (webtiles) character file.

Game seed: 1561109571086109379

252 javelincjr the Changeling (level 6, -9/41 HPs)
             Began as an Octopode Shapeshifter on Nov 21, 2023.
             Mangled by an ogre
             ... wielding a +0 giant club
              (24 damage)
             ... on level 4 of the Dungeon.
             The game lasted 00:07:29 (3085 turns).

javelincjr the Changeling (Octopode Shapeshifter)   Turns: 3085, Time: 00:07:30

Health: -9/41      AC:  1    Str: 15    XL:     6   Next: 14%
Magic:  6/6        EV: 13    Int: 13    God:
Gold:   144        SH:  0    Dex: 11    Spells: 5/5 levels left

rFire   . . .        r - +4 flail
rCold   . . .        (no shield)
rNeg    . . .        (helmet currently unavailable)
rPois   .            (no amulet)
rElec   .            (no ring)
rCorr   .            (no ring)
SInv    .            (no ring)
Will    .....        (no ring)
Stlth   ++           (no ring)
HPRegen 0.26/turn    (no ring)
MPRegen 0.10/turn    (no ring)
                     (no ring)

%: no passive effects
@: beast-form
A: beast (slay +2), almost no armour, amphibious, 8 rings, camouflage 1,
gelatinous body 1, (nimble swimmer 1), tentacles
a: Begin Untransformation


You were on level 4 of the Dungeon.
You were a hulking beast.
You visited 1 branch of the dungeon, and saw 4 of its levels.

You collected 144 gold pieces.

Inventory:

Hand Weapons
 r - a +4 flail (weapon)
 s - a +4 short sword
 t - a +1 mace of protection
Missiles
 f - 10 poisoned darts
Magical Staves
 p - a staff of death
Talismans
 b - a beast talisman
 c - a flux talisman
Wands
 v - a wand of roots (27)
Scrolls
 d - a scroll of teleportation {unknown}
 h - a scroll of blinking {unknown}
 i - a scroll of immolation {unknown}
 j - 4 scrolls of identify {unknown}
 k - a scroll of revelation {unknown}
 m - a scroll of fear {unknown}
 n - a scroll of vulnerability {unknown}
 o - a scroll of torment {unknown}
 w - a scroll of enchant armour {unknown}
Potions
 a - a potion of lignification
 e - a potion of invisibility
 g - a potion of magic {unknown}
 l - a potion of haste {unknown}
 q - a potion of brilliance {unknown}
 u - 2 potions of mutation {unknown}


   Skills:
 + Level 2.6 Fighting
 + Level 3.3 Dodging
 + Level 4.0 Unarmed Combat
 * Level 4.4 Shapeshifting


You had 5 spell levels left.
You didn't know any spells.
Your spell library contained the following spells:

 Spells                   Type           Power      Damage    Failure   Level
 Apportation              Tloc           0%         N/A       30%         1
 Magic Dart               Conj           0%         1d3       30%         1
 Necrotise                Necr           0%         1d4       30%         1
 Summon Small Mammal      Summ           0%         N/A       30%         1
 Searing Ray              Conj           0%         2d4       43%         2
 Sublimation of Blood     Necr           0%         N/A       43%         2
 Inner Flame              Hex/Fire       0%         N/A       67%         3
 Flame Wave               Conj/Fire      0%         2d4       97%         4
 Fulminant Prism          Conj/Hex       0%         3d5       97%         4
 Petrify                  Tmut/Erth      0%         N/A       97%         4
 Sticky Flame             Conj/Fire      0%         2d3       97%         4
 Irradiate                Conj/Tmut      0%         3d11      100%        5
 Summon Forest            Summ/Tloc      0%         N/A       100%        5
 Eringya's Noxious Bog    Tmut/Pois      0%         4d6       100%        6
 Summon Hydra             Summ           0%         N/A       100%        7


Dungeon Overview and Level Annotations

Branches:
Dungeon (4/15)
 Temple: D:4-7

Altars:
Xom


Innate Abilities, Weirdness & Mutations

You are a hulking beast.
Your limbs bulge with bestial killing power. (Slay +2)
You cannot wear most types of armour.
You are amphibious.
You can wear up to eight rings at the same time.
Your skin changes colour to match your surroundings (Stealth+).
Your rubbery body absorbs attacks. (AC +1, EV +1)
((You are camouflaged when in or above water. (Stealth+)))
You have tentacles for arms and can constrict up to eight enemies at once.


Message History

A goblin comes into view. It is wielding a +0 dagger.
Things that are here:
a +0 war axe; an orc corpse The orc shouts!
Found a stone staircase leading up and a stone staircase leading down.
You thump the orc! You grab the orc.
The orc is severely wounded.
You constrict the orc.
You kill the orc!
Things that are here:
a +0 hand axe; a boomerang; a +0 leather armour You hit the goblin.
You kill the goblin!
No target in view!
You now have 144 gold pieces (gained 4).
Things that are here:
a +0 dagger; a goblin corpse
There is an open door here.
An ogre comes into view. It is wielding a +0 giant club.
No target in view!
No target in view!
An ogre is nearby!
The ogre hits you with a +0 giant club!!
Ouch! That really hurt!
You are too injured to fight recklessly!
You are too injured to fight recklessly!
You are too injured to fight recklessly!
You are too injured to fight recklessly!
You are too injured to fight recklessly!
You sock the ogre!
The ogre is moderately wounded.
The ogre barely misses you.
You hit the ogre.
The ogre is moderately wounded.
The ogre closely misses you.
You sock the ogre!
The ogre is severely wounded.
The ogre hits you with a +0 giant club!!
Ouch! That really hurt!
You die...

#..........###. #
###.##.....###. .
#.##......... # #.
#.##.....###+ #.# #.
#.##.....##.. #...#.#
#.########... . .....
#..## ##....
....#.O#####...####.....
.......h..........'.....
................###.....
#######...##..#.# ##...<
#.#.##.##.# ##...
###.#####.# ##.. #+# #.#
##' #.# #. #.# # #.#


You could see an ogre.

Vanquished Creatures
  An orc wizard (D:3)
  4 gnolls (D:3)
  6 adders
  2 worms
  3 dart slugs
  14 orcs
  7 bats
  12 endoplasms
  13 goblins
  8 hobgoblins
  5 jackals
  6 quokkas
  7 ball pythons
  5 frilled lizards
  4 kobolds
  8 rats
105 creatures vanquished.

Notes
Turn   | Place    | Note
-------+----------+-------------------------------------------
     0 | D:1      | javelincjr the Octopode Shapeshifter began the quest for
                  | the Orb.
     0 | D:1      | Reached XP level 1. HP: 13/13 MP: 1/1
   103 | D:1      | Reached XP level 2. HP: 17/18 MP: 2/2
   285 | D:1      | Reached XP level 3. HP: 21/23 MP: 3/3
   937 | D:2      | Reached XP level 4. HP: 29/29 MP: 4/4
  1702 | D:3      | Found a shimmering altar of Xom.
  1706 | D:3      | Reached XP level 5. HP: 29/34 MP: 5/5
  2544 | D:3      | Reached XP level 6. HP: 41/41 MP: 6/6
  3085 | D:4      | Mangled by an ogre

Illustrated notes

Levels and vault maps discovered:
D:1:      dpeg_arrival_round_a, layout_basic, kennysheep_small_spiral,
          minmay_misc_feat_roman
D:2:      layout_basic, kennysheep_generic_room_9
D:3:      layout_basic, mainiacjoe_overflow_cross_hatched,
          minmay_misc_feat_doors, grunt_ministairs_10
D:4:      layout_loops_corners, led_sif_pool, uniq_duvessa

Skill      XL: |  1  2  3  4  5  6 |
---------------+-------------------+-----
Fighting       | 2 |  2.6
Shapeshifting  | 4 |  4.4
Dodging        | 3 |  3.3
Unarmed Combat | 4 |  4.0

Action                     |  1- 3 |  4- 6 || total
---------------------------+-------+-------++-------
  Melee: Unarmed           |    71 |    67 ||   138
         Constrict         |    18 |    37 ||    55
         Tentacles         |    17 |    18 ||    35
         Punch             |     1 |     4 ||     5
         Flail             |       |    50 ||    50
    Use: Potion            |       |     1 ||     1
   Stab: Sleeping          |     7 |    12 ||    19
 Armour: Skin              |    24 |    54 ||    78
  Dodge: Dodged            |    33 |    81 ||   114

Table legend: (Time is in decaauts)
 A = Elapsed time spent in this place.
 B = Non-inter-level travel time spent in this place.
 C = Inter-level travel time spent in this place.
 D = Time resting spent in this place.
 E = Time spent auto-exploring this place.
 F = Levels seen in this place.
 G = Mean time per level.
                   A        B        C        D        E       F      G
               +--------+--------+--------+--------+--------+-----+--------+
         Total |   3094 |   3043 |     51 |     69 |   2314 |   4 |  773.5 |
       Dungeon |   3094 |   3043 |     51 |     69 |   2314 |   4 |  773.5 |
               +--------+--------+--------+--------+--------+-----+--------+

Top non-repeatable levels by time:
     D:3: 1175 daAuts
     D:2: 879 daAuts
     D:1: 801 daAuts
     D:4: 238 daAuts
